 Dungeon Crawl Stone Soup version 0.31-a0-1074-g0b22e4e0f1 (webtiles) character file.

Game seed: 16467218325327486957

274 grandjackal the Trooper (level 6, -2/65 HPs)
             Began as an Ogre Warper on Nov 29, 2023.
             Slain by a hobgoblin (4 damage)
             ... led by Robin
             ... on level 4 of the Dungeon.
             The game lasted 00:05:00 (3325 turns).

grandjackal the Trooper (Ogre Warper)               Turns: 3325, Time: 00:05:00

Health: -2/65      AC:  3    Str: 16    XL:     6   Next: 24%
Magic:  12/12      EV:  9    Int: 16    God:
Gold:   84         SH:  0    Dex:  8    Spells: 1/13 levels left

rFire   + . .        a - +0 mace
rCold   . . .        (no shield)
rNeg    . . .        b - +0 robe
rPois   .            (helmet restricted)
rElec   .            (no cloak)
rCorr   .            (gloves unavailable)
SInv    .            (boots unavailable)
Will    .....        (no amulet)
Stlth   +            (no ring)
HPRegen 0.30/turn    (no ring)
MPRegen 0.13/turn

%: no passive effects
@: no status effects
A: large, unfitting armour, tough skin 1, fire resistance 1, sturdy frame 1
a: no special abilities


You were on level 4 of the Dungeon.
You visited 1 branch of the dungeon, and saw 4 of its levels.

You collected 84 gold pieces.

Inventory:

Hand Weapons
 a - a +0 mace (weapon)
Missiles
 d - 7 darts of dispersal (quivered)
 v - 2 poisoned darts
Armour
 b - a +0 robe (worn)
Talismans
 g - a granite talisman
Wands
 x - a wand of iceblast (8)
Scrolls
 c - 4 scrolls of blinking
 e - 3 scrolls of teleportation {unknown}
 f - a scroll of torment {unknown}
 h - a scroll of fear {unknown}
 i - 3 scrolls of identify {unknown}
 j - a scroll of fog {unknown}
 k - a scroll of butterflies {unknown}
 l - a scroll of enchant armour {unknown}
 n - 2 scrolls of poison {unknown}
 o - a scroll of vulnerability {unknown}
 r - 2 scrolls of noise {unknown}
 t - a scroll of immolation {unknown}
Potions
 m - 2 potions of heal wounds {unknown}
 p - a potion of invisibility {unknown}
 q - a potion of lignification {unknown}
 s - 4 potions of curing {unknown}
 u - a potion of degeneration {unknown}
 w - 2 potions of enlightenment {unknown}


   Skills:
 + Level 4.8 Fighting
 + Level 3.1 Maces & Flails
 - Level 1.0 Throwing
 - Level 2.1 Dodging
 + Level 4.0 Spellcasting
 + Level 0.4 Summonings
 + Level 3.8 Translocations


You had one spell level left.
You knew the following spells:

 Your Spells              Type           Power      Damage    Failure   Level
a - Blink                 Tloc           30%        N/A       5%          2
b - Manifold Assault      Tloc           15%        N/A       34%         4
c - Call Canine Familiar  Summ           4%         N/A       38%         3
d - Teleport Other        Tloc           15%        N/A       11%         3

Your spell library contained the following spells:

 Spells                   Type           Power      Damage    Failure   Level
 Summon Small Mammal      Summ           16%        N/A       14%         1
 Lesser Beckoning         Tloc           30%        N/A       5%          2
 Summon Guardian Golem    Hex/Summ       3%         N/A       43%         3
 Hailstorm                Conj/Ice       3%         3d3       45%         3
 Tukima's Dance           Hex            3%         N/A       45%         3
 Dimensional Bullseye     Hex/Tloc       4%         N/A       58%         4
 Iskenderun's Mystic Bla  Conj/Tloc      9%         2d4       58%         4
 Vhi's Electric Charge    Tloc/Air       18%        N/A       58%         4
 Summon Ice Beast         Ice/Summ       3%         N/A       83%         4
 Simulacrum               Ice/Necr       1%         N/A       100%        6


Dungeon Overview and Level Annotations

Branches:
Dungeon (4/15)
 Temple: D:4-7

Altars:


Innate Abilities, Weirdness & Mutations

You are too large for most types of armour.
You have tough skin. (AC +1)
Your flesh is heat resistant. (rF+)
Your movements are slightly less encumbered by armour. (ER -2)


Message History

Robin roars a battlecry!
The hobgoblin goes into a battle-frenzy!
The goblin hits you with a +0 club.
* * * LOW HITPOINT WARNING * * *
You hear a shout!
You closely miss the goblin. Robin hits you but does no damage.
The goblin hits you but does no damage. Robin hits you with a +0 dagger.
* * * LOW HITPOINT WARNING * * *
You hit the goblin.
You kill the goblin!
Robin hits you but does no damage.
You hit Robin.
Robin is lightly wounded.
Robin hits you with a +0 dagger.
* * * LOW HITPOINT WARNING * * *
You hit Robin.
Robin is heavily wounded.
Robin points. "Kill!"
Robin hits you with a +0 dagger.
* * * LOW HITPOINT WARNING * * *
You thump Robin!
Robin is almost dead.
Robin barely misses you.
Robin roars a battlecry!
You hit Robin but do no damage.
Robin is almost dead.
Robin hits you with a +0 dagger.
* * * LOW HITPOINT WARNING * * *
You closely miss Robin.
Robin is almost dead.
Robin hits you with a +0 dagger.
* * * LOW HITPOINT WARNING * * *
You hit Robin.
You kill Robin!
The hobgoblin hits you.
* * * LOW HITPOINT WARNING * * *
You see here a +0 club.
The hobgoblin attacks as it pursues you!
The hobgoblin hits you.
You die...

##..................'.........#
#..................####......#
#.........########.# ##..>..#
#########...## #.# #.....#
..g..####...#########.# #.....#
.....'..'...'g.gB...#.# #.....#
....g####...#######)#.# #.....#
######
#...#######g#.#####.....#
#...#...@g))#.....'.....#
#...#.#############.....#
#####.............#.#####
############.##.# #.##.# #....#
######


You could see a hobgoblin (strong) and a goblin (strong).

Vanquished Creatures
  Sigmund (D:2)
  Robin (D:4)
  3 adders (D:3)
  A dart slug (D:3)
  6 endoplasms
  2 giant cockroaches
  9 goblins
  6 hobgoblins
  8 jackals
  11 kobolds
  3 quokkas
  6 ball pythons
  6 bats
  3 frilled lizards
  2 rats
68 creatures vanquished.

Notes
Turn   | Place    | Note
-------+----------+-------------------------------------------
     0 | D:1      | grandjackal the Ogre Warper began the quest for the Orb.
     0 | D:1      | Reached XP level 1. HP: 22/22 MP: 3/3
   225 | D:1      | Reached XP level 2. HP: 29/29 MP: 5/5
   864 | D:2      | Reached XP level 3. HP: 37/37 MP: 7/7
   893 | D:2      | Learned a level 2 spell: Blink
  1164 | D:2      | Noticed Sigmund
  1173 | D:2      | Gained mutation: Your flesh is heat resistant. (rF+)
                  | [potion of mutation]
  1173 | D:2      | Gained mutation: Your movements are slightly less
                  | encumbered by armour. (ER -2) [potion of mutation]
  1179 | D:2      | Killed Sigmund
  1180 | D:2      | Reached XP level 4. HP: 13/49 MP: 7/9
  1180 | D:2      | Reached XP level 5. HP: 15/55 MP: 7/10
  1844 | D:3      | Learned a level 4 spell: Manifold Assault
  1848 | D:3      | Learned a level 3 spell: Call Canine Familiar
  1996 | D:3      | Reached XP level 6. HP: 5/63 MP: 8/11
  1997 | D:3      | HP: 2/63 [poisoned by an adder]
  2935 | D:4      | Learned a level 3 spell: Teleport Other
  3266 | D:4      | Noticed Robin
  3321 | D:4      | HP: 2/63 [Robin/+0 dagger (3)]
  3322 | D:4      | Killed Robin
  3325 | D:4      | Slain by a hobgoblin

Illustrated notes

Levels and vault maps discovered:
D:1:      lightli_arrival_maybe_door_vault, layout_loops_ring
D:2:      layout_basic, uniq_sigmund
D:3:      layout_rooms, serial_aquarium, aquarium_bridge_island_small
          [aquarium_subvault_small_open, aquarium_subvault_bridge,
          aquarium_subvault_balcony, aquarium_subvault_wall,
          aquarium_subvault_bridge], aquarium_bridge_straight
          [aquarium_subvault_bridge, aquarium_subvault_balcony,
          aquarium_subvault_bridge, aquarium_subvault_wall],
          aquarium_window_corner, aquarium_window_corner, aquarium_window_fake,
          aquarium_view_2f, aquarium_view_2b, aquarium_balcony_1b
D:4:      layout_basic, chequers_mini_garden, uniq_robin

Skill      XL: |  1  2  3  4  5  6 |
---------------+-------------------+-----
Fighting       | 3 4 |  4.8
Maces & Flails | 2 3 |  3.1
Translocations | 3 |  3.8
Spellcasting   | 3 4 |  4.0
Throwing       | |  1.0
Dodging        | |  2.1
Summonings     | |  0.4

Action                     |  1- 3 |  4- 6 || total
---------------------------+-------+-------++-------
  Melee: Mace              |   103 |   164 ||   267
         Punch             |     2 |     2 ||     4
   Cast: Manifold Assault  |       |     1 ||     1
    Use: Potion            |     2 |       ||     2
 Armour: Robe              |    83 |   152 ||   235
  Dodge: Dodged            |    71 |   100 ||   171

Table legend: (Time is in decaauts)
 A = Elapsed time spent in this place.
 B = Non-inter-level travel time spent in this place.
 C = Inter-level travel time spent in this place.
 D = Time resting spent in this place.
 E = Time spent auto-exploring this place.
 F = Levels seen in this place.
 G = Mean time per level.
                   A        B        C        D        E       F      G
               +--------+--------+--------+--------+--------+-----+--------+
         Total |   3395 |   3262 |    133 |    552 |   2065 |   4 |  848.8 |
       Dungeon |   3395 |   3262 |    133 |    552 |   2065 |   4 |  848.8 |
               +--------+--------+--------+--------+--------+-----+--------+

Top non-repeatable levels by time:
     D:3: 1068 daAuts
     D:2: 952 daAuts
     D:1: 880 daAuts
     D:4: 493 daAuts
